Map: Golden Wall LE

Players

uwuThermal (uThermal)

  • Race: Terran Terran
  • League: Master
  • Spawn Location: 7:00

Armani - Winner!

  • Race: Zerg Zerg
  • Spawn Location: 5:00

Event: War Chest Team League

VOD

Have the link to the VOD?

Description

Time

  • Played on: Aug. 2, 2020, 5:38 a.m.
  • Length: 10:34
Show
View Real Time Build Order
Export as new Build Order

uwuThermal Terran 

Build Orders: Liberator Opening, Reaper Expand 

Get SALT Encoding   

  12  0:00  SCV  
  13  0:12  SCV  
  14  0:17  Supply Depot  
  14  0:24  SCV  
  15  0:39  SCV  
  15  0:40  Barracks  
  16  0:44  Refinery  
  16  0:51  SCV  
  17  1:03  SCV  
  18  1:15  SCV  
  19  1:27  Reaper, Orbital Command  
  20  1:41  Command Center  
  20  1:49  Supply Depot  
  20  1:53  SCV  
  21  1:59  Marine  
  22  2:06  SCV  
  23  2:09  Factory  
  23  2:18  SCV  
  23  2:21  Barracks Reactor  
  24  2:30  SCV  
  25  2:42  SCV  
  26  2:44  Command Center  
  26  2:54  SCV, Orbital Command  
  27  3:02  Starport  
  27  3:06  SCV  
  27  3:09  Refinery  
  28  3:14  Hellion  
  28  3:18  SCV  
  31  3:21  Hellion  
  31  3:22  SCV  
  34  3:30  SCV  
  35  3:34  SCV  
  35  3:37  Hellion  
  35  3:39  Viking  
  40  3:42  SCV  
  40  3:44  Hellion  
  40  3:46  Barracks Tech Lab  
  40  3:47  SCV  
  44  3:54  SCV  
  45  3:57  Orbital Command  
  45  3:59  SCV  
  45  4:00  Hellion  
  48  4:05  Supply Depot  
  48  4:06  Hellion  
  48  4:09  SCV  
  51  4:13  Liberator  
  51  4:15  SCV  
  54  4:21  Supply Depot  
  54  4:22  Hellion  
  56  4:27  SCV x2  
  56  4:28  Hellion  
  56  4:29  SCV  
  61  4:33  Marine  
  62  4:39  SCV  
  62  4:42  SCV  
  64  4:51  SCV, Marine  
  66  4:54  SCV  
  66  4:55  Barracks x2  
  66  4:57  Orbital Command  
  66  4:59  Engineering Bay, Factory Tech Lab  
  67  5:00  Starport Reactor, Engineering Bay  
  67  5:04  Refinery  
  63  5:07  SCV  
  63  5:08  Marine  
  63  5:18  Siege Tank  
  62  5:22  Supply Depot  
  62  5:23  Supply Depot  
  62  5:26  Marine  
  51  5:44  Marine  
  51  5:47  Marine  
  40  5:52  Starport Reactor  
  32  6:02  Marine  
  33  6:05  Marine  
  32  6:15  Widow Mine  
  34  6:20  Marine  
  34  6:23  Marine  
  34  6:24  SCV x2  
  38  6:31  Barracks  
  34  6:37  Marine  
  34  6:38  Viking x2  
  39  6:41  Marine  
  39  6:42  SCV  
  39  6:45  SCV  
  40  6:54  SCV  
  41  6:58  SCV  
  43  7:06  SCV  
  43  7:10  SCV  
  43  7:13  Barracks  
  43  7:14  Engineering Bay  
  43  7:17  Engineering Bay  
  43  7:18  SCV  
  43  7:19  Marine  
  43  7:22  SCV, Factory Tech Lab  
  42  7:30  SCV  
  42  7:37  Marine  
  44  7:38  Orbital Command  
  44  7:42  SCV, Orbital Command, Siege Tank  
  43  7:54  SCV  
  43  8:03  Marine x2  
  43  8:04  Orbital Command  
  45  8:06  SCV  
  45  8:09  Barracks Tech Lab  
  46  8:17  Terran Infantry Weapons Level 1, Terran Infantry Armor Level 1  
  46  8:18  SCV  
  46  8:24  Supply Depot  
  46  8:33  Barracks  
  46  8:34  Barracks  
  46  8:40  Stimpack  
  46  8:44  Barracks Reactor  
  46  8:45  Marine x2  
  46  8:46  SCV x2  
  46  8:47  Refinery  
  50  8:51  Supply Depot  
  50  8:56  Factory Tech Lab  
  50  8:57  Supply Depot  
  50  8:58  SCV x2  
  50  9:01  Refinery  
  52  9:03  Marine x2  
  52  9:08  Supply Depot  
  54  9:13  SCV  
  54  9:17  Siege Tank  
  58  9:21  Marine x5  
  63  9:26  Starport Reactor  
  64  9:31  SCV  
  64  9:32  Marine  
  64  9:37  SCV  
  66  9:39  Marine  
  66  9:40  Marine x2  
  66  9:43  Marine  
  66  9:44  Marine  
  69  9:55  Marine, Siege Tank  
  73  10:01  Supply Depot  
  73  10:03  Marine  
  74  10:14  Marine  
Show
View Real Time Build Order
Export as new Build Order

Armani Zerg - Winner!

Build Orders: Hatch First 

Get SALT Encoding   

  12  0:00  Drone  
  13  0:13  Overlord  
  13  0:17  Drone  
  14  0:32  Drone  
  14  0:33  Drone  
  16  0:49  Hatchery  
  15  0:52  Drone  
  16  0:58  Drone  
  16  0:59  Drone  
  18  1:10  Extractor  
  17  1:15  Spawning Pool  
  16  1:20  Drone x2  
  18  1:30  Drone  
  19  1:40  Drone  
  20  1:51  Drone  
  21  2:02  Queen x2  
  21  2:03  Zergling x4  
  27  2:12  Metabolic Boost  
  27  2:13  Overlord  
  27  2:15  Drone  
  28  2:34  Drone  
  28  2:35  Hatchery  
  28  2:37  Drone  
  29  2:44  Queen  
  29  2:49  Drone  
  32  2:53  Overlord  
  33  2:58  Drone x2  
  33  3:01  Drone  
  35  3:05  Drone  
  36  3:13  Drone x4  
  36  3:16  Drone  
  36  3:17  Drone  
  42  3:27  Roach Warren  
  42  3:28  Extractor  
  42  3:30  Drone x2  
  42  3:43  Overlord x2  
  42  3:44  Overlord  
  42  3:46  Zergling x4  
  44  4:09  Roach x9  
  62  4:15  Overlord  
  61  4:25  Zergling x2  
  61  4:26  Zergling x6  
  61  4:30  Overlord  
  65  4:35  Zergling x10  
  71  4:38  Ravager x2  
  71  4:45  Ravager  
  73  4:48  Zergling x6  
  73  4:49  Zergling x6  
  78  4:57  Overlord  
  78  4:59  Ravager  
  79  5:00  Zergling x2  
  79  5:01  Zergling x2  
  79  5:14  Zergling x8  
  79  5:16  Overlord  
  78  5:21  Ravager  
  69  5:38  Zergling x14  
  69  5:41  Drone  
  69  5:42  Drone  
  68  5:50  Overlord, Drone  
  68  5:51  Drone  
  68  5:52  Drone  
  68  5:53  Drone  
  68  5:54  Drone  
  70  5:57  Drone x2  
  70  5:58  Drone  
  70  6:03  Ravager  
  74  6:05  Drone  
  74  6:08  Drone  
  74  6:09  Drone  
  74  6:10  Ravager  
  75  6:16  Zergling x6  
  70  6:29  Drone  
  70  6:30  Drone  
  72  6:36  Ravager  
  72  6:37  Drone  
  72  6:39  Drone x4  
  76  6:40  Drone  
  78  6:47  Drone  
  78  6:51  Drone  
  78  6:52  Drone  
  80  6:57  Drone  
  80  7:00  Drone  
  79  7:01  Drone  
  79  7:02  Drone  
  79  7:04  Drone  
  79  7:06  Drone  
  82  7:09  Drone  
  82  7:10  Drone  
  82  7:14  Queen x3  
  89  7:24  Overlord  
  89  7:25  Overlord x2  
  89  7:26  Overlord  
  89  7:28  Drone  
  87  7:37  Spore Crawler  
  86  7:41  Roach  
  86  7:42  Roach  
  90  7:45  Drone x2  
  90  7:46  Evolution Chamber  
  90  7:47  Evolution Chamber  
  90  7:48  Roach x4  
  97  7:52  Drone  
  97  7:53  Drone  
  97  7:54  Drone  
  97  7:55  Drone  
  97  8:01  Lair  
  97  8:05  Drone  
  98  8:07  Overlord  
  98  8:11  Drone  
  98  8:12  Drone  
  95  8:16  Drone x3  
  95  8:17  Drone  
  95  8:18  Zerg Missile Weapons Level 1, Zerg Ground Armor Level 1  
  95  8:19  Extractor  
  98  8:21  Drone x2  
  98  8:23  Extractor  
  98  8:25  Drone x2  
  98  8:26  Drone x2  
  103  8:28  Drone, Extractor  
  103  8:31  Extractor  
  102  8:39  Hatchery  
  102  8:40  Drone x3  
  104  8:42  Roach x3  
  104  8:44  Roach  
  112  8:51  Spore Crawler  
  111  8:56  Roach x6  
  111  9:00  Glial Reconstitution  
  111  9:01  Overseer  
  123  9:03  Overlord  
  123  9:05  Overlord  
  123  9:10  Roach  
  123  9:11  Roach x2  
  123  9:13  Overlord  
  123  9:15  Overlord  
  129  9:18  Overlord  
  129  9:23  Ravager  
  129  9:24  Ravager x3  
  133  9:26  Roach x2  
  137  9:31  Overlord x2  
  137  9:32  Roach x2  
  141  9:44  Ravager x3  
  144  9:53  Roach x7  
  144  9:58  Zergling x18  
  167  10:06  Roach x4  
  175  10:13  Ravager x2  
  177  10:14  Zergling x2  
  177  10:15  Zergling x6  
Tags
 
Add a new tag
Caveats
  • Supply blocks, unpowered buildings, or Contaminate may cause inaccurate times.
  • Supply counts are checked every 10 seconds.